 Dungeon Crawl Stone Soup version 0.20-a0-1122-gb7cbeb9 (webtiles) character file.

217 Amnesiac the Chiller (level 5, 0/28 HPs)
             Began as a Deep Elf Ice Elementalist on May 15, 2017.
             Hit by a stone thrown by a kobold (3 damage)
             ... on level 3 of the Dungeon.
             The game lasted 00:03:46 (1839 turns).

Amnesiac the Chiller (Deep Elf Ice Elementalist)    Turns: 1839, Time: 00:03:47

Health: 0/28       AC:  2    Str:  5    XL:     5   Next: 61%
Magic:  6/13       EV: 13    Int: 21    God:
Gold:   74         SH:  0    Dex: 15    Spells: 5/13 levels left

rFire    . . .     SeeInvis .   t - +1 whip (venom)
rCold    + . .     Gourm    .   (no shield)
rNeg     . . .     Faith    +   a - +0 robe
rPois    .         Spirit   .   (no helmet)
rElec    .         Reflect  .   (no cloak)
rCorr    .         Harm     .   (no gloves)
MR       .....                  (no boots)
Stlth    ++........             r - amulet of faith
Regen    0.1/turn               p - ring of protection from cold
MPRegen  0.2/turn               (no ring)

@: no status effects
A: no striking features
a: no special abilities


You were on level 3 of the Dungeon.
You were not hungry.

You visited 1 branch of the dungeon, and saw 4 of its levels.

You collected 74 gold pieces.

Inventory:

Hand Weapons
 t - a +1 whip of venom (weapon)
Missiles
 n - 11 poisoned needles
Armour
 a - a +0 robe (worn)
 e - a +0 cloak
 w - a +0 helmet
Jewellery
 p - a ring of protection from cold (left hand)
 r - an amulet of faith (around neck)
Scrolls
 d - 5 scrolls of remove curse {!r, unknown}
 f - 2 scrolls of recharging {!r, unknown}
 i - 3 scrolls of identify {!r, unknown}
 l - a scroll of immolation {!r, unknown}
 o - 6 scrolls of teleportation {!r, unknown}
Potions
 g - a potion of heal wounds {!q}
 h - a potion of curing {!q, unknown}
 j - a potion of brilliance {!q, unknown}
 k - 3 potions of haste {!q, unknown}
 m - a potion of invisibility {!q, unknown}
 u - a potion of flight {!q, unknown}
 v - a potion of agility {!q, unknown}
Books
 b - a book of Frost

   Spells                             Type                      Level
   a - Freeze                         Ice                          1
   b - Throw Frost                    Conjuration/Ice              2
   c - Ozocubu's Armour               Charms/Ice                   3
   d - Throw Icicle                   Conjuration/Ice              4
   e - Summon Ice Beast               Ice/Summoning                4
Comestibles
 c - a bread ration
 q - a fruit
 s - 5 chunks of flesh


   Skills:
 - Level 2.4 Dodging
 - Level 2.4 Stealth
 - Level 4.5 Spellcasting
 + Level 3.1 Conjurations
 - Level 5.5 Ice Magic


You had 5 spell levels left.
You knew the following spells:

 Your Spells              Type           Power        Failure   Level  Hunger
a - Freeze                Ice            ####         1%          1    None
b - Ozocubu's Armour      Chrm/Ice       ###.....     11%         3    ##.....
d - Throw Icicle          Conj/Ice       ###.....     19%         4    ####...


Dungeon Overview and Level Annotations

Branches:
Dungeon (4/15)
 Temple: D:4-7

Altars:


Message History

You kill the goblin!
No target in view!
A bat and a kobold come into view.
Found 13 arrows.
You hear the quick rusting of a distant drain.
The orc priest shouts!
The orc shouts!
You hear a shout!
The bat hits you but does no damage.
Casting: Freeze
Confirm with . or Enter, or press ? or * to list all spells.
Aiming: Freeze
Press: ? - help, Shift-Dir - straight line, f - orc
Aim: an orc, wielding a short sword and wearing a chain mail You freeze the orc priest.
The orc priest is severely wounded.
The bat completely misses you.
The orc priest calls down the wrath of Beogh upon you.
Pain shoots through your body!
* * * LOW HITPOINT WARNING * * *
The orc closely misses you.
Casting: Freeze
Confirm with . or Enter, or press ? or * to list all spells.
Aiming: Freeze
Press: ? - help, Shift-Dir - straight line, f/p - orc priest
Aim: an orc priest, wielding a mace (severely wounded)
You freeze the orc priest.
The orc priest is almost dead.
The bat barely misses you. The orc priest closely misses you.
The orc hits you with a short sword.
* * * LOW HITPOINT WARNING * * *
A hobgoblin comes into view. It is wielding a club.
Casting: Freeze
Confirm with . or Enter, or press ? or * to list all spells.
Aiming: Freeze
Press: ? - help, Shift-Dir - straight line, f/p - orc priest
Aim: an orc priest, wielding a mace (almost dead)
You freeze the orc priest.
You kill the orc priest!
Your Conjurations skill increases to level 3!
The bat hits you.
* * * LOW HITPOINT WARNING * * *
The orc hits you with a short sword.
* * * LOW HITPOINT WARNING * * *
The bat hits you but does no damage.
Casting: Freeze
Confirm with . or Enter, or press ? or * to list all spells.
Aiming: Freeze
Press: ? - help, Shift-Dir - straight line, f - orc
Aim: an orc, wielding a short sword and wearing a chain mail You freeze the orc.
You kill the orc!
The bat hits you.
* * * LOW HITPOINT WARNING * * *
The bat barely misses you.
Unknown command.
The bat barely misses you. The bat closely misses you.
Casting: Freeze
Confirm with . or Enter, or press ? or * to list all spells.
Aiming: Freeze
Press: ? - help, Shift-Dir - straight line, f - bat
Aim: a bat You freeze the bat.
You kill the bat!
The kobold throws a stone.
The stone hits you.
You die...

.....#####...###........
.............. +......$.
....(...##...# #....#
........##...# #.#
#....g..##...# #.#
#.......##...###.#
#...)K##...).).#
#...).##...#####
#.....@..).#
####..!....# #.......#
#.......# #.......#
#.....?... #.........?
#...........#
#####...g.[.#


You could see a hobgoblin and a kobold.

Vanquished Creatures
  An orc wizard (D:3)
  A hound (D:4)
  An orc priest (D:3)
  Natasha (D:1)
  A worker ant (D:4)
  3 adders
  3 leopard geckos
  2 orcs (D:3)
  A ball python (D:1)
  5 bats
  5 giant cockroaches
  5 goblins
  8 hobgoblins
  3 frilled lizards (D:2)
  2 kobolds
  6 rats
48 creatures vanquished.

Notes
Turn   | Place    | Note
-------+----------+-------------------------------------------
     0 | D:1      | Amnesiac the Deep Elf Ice Elementalist began the quest for the Orb.
     0 | D:1      | Reached XP level 1. HP: 10/10 MP: 6/6
   442 | D:1      | Reached XP level 2. HP: 15/15 MP: 5/8
   561 | D:1      | Reached skill level 4 in Ice Magic
   954 | D:2      | Noticed Natasha
   968 | D:2      | Reached XP level 3. HP: 2/19 MP: 2/10
   976 | D:1      | Killed Natasha
  1253 | D:2      | Reached XP level 4. HP: 21/24 MP: 8/12
  1263 | D:3      | Learned a level 3 spell: Ozocubu's Armour
  1268 | D:3      | Learned a level 4 spell: Throw Icicle
  1472 | D:3      | Noticed an ogre
  1475 | D:4      | Reached skill level 5 in Ice Magic
  1724 | D:4      | Reached XP level 5. HP: 19/28 MP: 7/13
  1839 | D:3      | Hit by a stone thrown by a kobold

Vault maps used:
D:1:      dpeg_arrival_solitude, hangedman_decor_opposing
D:2:      nicolae_gozag_zags_fifth_avenue, uniq_robin, uniq_sigmund,
          uniq_natasha
D:3:      gup_sewer_entry_bubbles, minmay_close_crescents, uniq_jessica
D:4:      grunt_qazlal_clouds, serial_shops, kennysheep_mini_moat

Skill      XL: |  1  2  3  4  5 |
---------------+----------------+-----
Ice Magic      | 4 5 |  5.5
Spellcasting   | 4 |  4.5
Conjurations   | 3 |  3.1
Dodging        | |  2.4
Stealth        | |  2.4

Action                   |  1- 3 |  4- 6 || total
-------------------------+-------+-------++-------
Melee: Whip              |       |     3 ||     3
 Cast: Freeze            |    42 |    40 ||    82
       Throw Icicle      |       |     2 ||     2
  Use: Potion            |     1 |       ||     1
  Eat: Chunk             |     1 |     2 ||     3
Armor: Robe              |     5 |     8 ||    13
Dodge: Dodged            |    28 |    33 ||    61
